 Dungeon Crawl Stone Soup version 0.30.1-11-g7821555f0a (webtiles) character file.

Game seed: 138490386483066294

11 ChrisAssaf the Stinger (level 2, 0/11 HPs)
             Began as a Felid Venom Mage on Nov 19, 2023.
             Slain by a quokka (4 damage)
             ... on level 2 of the Dungeon.
             The game lasted 00:01:27 (275 turns).

ChrisAssaf the Stinger (Felid Venom Mage)            Turns: 275, Time: 00:01:27

Health: 0/11       AC:  1    Str:  4    XL:     2   Next: 17%
Magic:  0/6        EV: 17    Int: 16    God:
Gold:   31         SH:  0    Dex: 16    Spells: 2/5 levels left
                                        Lives:  0   Deaths: 0

rFire   . . .        (weapon unavailable)
rCold   . . .        (shield unavailable)
rNeg    . . .        (body armour unavailable)
rPois   .            (helmet unavailable)
rElec   .            (cloak unavailable)
rCorr   .            (gloves unavailable)
SInv    +            (boots unavailable)
Will    .....        (no amulet)
Stlth   ++           (no ring)
HPRegen 0.21/turn    (no ring)
MPRegen 0.10/turn

%: no passive effects
@: very slightly contaminated, quick
A: very small, claws 1, fangs 3, see invisible, speed 1, shaggy fur 1, stealthy
paws, no weapons or thrown items, no armour, multi-lived
a: no special abilities


You were on level 2 of the Dungeon.
You visited 1 branch of the dungeon, and saw 2 of its levels.

You collected 31 gold pieces.

Inventory:

Jewellery
 b - an amulet of faith
Scrolls
 c - a scroll of enchant armour {unknown}
Potions
 a - a potion of magic


   Skills:
 * Level 0.1 Fighting
 * Level 2.7 Dodging
 * Level 2.8 Stealth
 * Level 0.2 Unarmed Combat
 * Level 2.2 Spellcasting
 * Level 1.2 Transmutations
 * Level 3.0 Poison Magic


You had 2 spell levels left.
You knew the following spells:

 Your Spells              Type           Power      Damage    Failure   Level
a - Sting                 Tmut/Pois      32%        1d4       9%          1
b - Poisonous Vapours     Pois/Air       12%        N/A       17%         2

Your spell library contained the following spells:

 Spells                   Type           Power      Damage    Failure   Level
 Mephitic Cloud           Conj/Pois/Air  4%         N/A       38%         3
 Olgreb's Toxic Radiance  Pois           11%        N/A       52%         4


Dungeon Overview and Level Annotations

Branches:
Dungeon (2/15)

Altars:


Innate Abilities, Weirdness & Mutations

You have sharp claws.
You have razor-sharp teeth.
You have supernaturally acute eyesight. (SInv)
You cover ground quickly. (Speed+)
You are covered in fur. (AC +1)
Your paws help you pounce on unaware monsters.
You are incapable of wielding weapons or throwing items.
You cannot wear armour.
You gain extra lives every three experience levels.


Message History

You miscast Poisonous Vapours.
You are very lightly contaminated with residual magic.
Nothing appears to happen.
The quokka closely misses you.
Aiming: Poisonous Vapours (safe; 17% risk of failure)
Press: ? - help, Q - select action, (/) - cycle Dir - move target, f/p - quokka
Aim: a quokka Poisonous vapours surround the quokka!
The quokka is poisoned.
The quokka closely misses you.
Unknown command.
Casting: Poisonous Vapours (safe; 17% risk of failure)
Confirm with . or Enter, or press ? or * to list all spells.
Aiming: Sting (safe; 9% risk of failure)
Press: ? - help, Shift-Dir - straight line, f/p - quokka
Aim: a quokka (lightly wounded, poisoned, 56% to hit)
The sting misses the quokka.
The sting hits the hobgoblin but does no damage.
The hobgoblin is poisoned.
The hobgoblin is almost dead.
The quokka bites you.
You scratch the quokka but do no damage.
The quokka is heavily wounded.
The quokka closely misses you.
You miss the quokka. Your bite misses the quokka.
The quokka is heavily wounded.
The quokka looks more healthy.
The quokka bites you.
* * * LOW HITPOINT WARNING * * *
The quokka closely misses you.
Casting: Sting (safe; 9% risk of failure)
Confirm with . or Enter, or press ? or * to list all spells.
Aiming: Sting (safe; 9% risk of failure)
Press: ? - help, Shift-Dir - straight line, f/p - quokka
Aim: a quokka (heavily wounded, 56% to hit)
The sting hits the quokka.
The quokka is poisoned.
The quokka is severely wounded.
The quokka misses you.
Unknown command.
You kill the hobgoblin!
The quokka bites you.
You die...

#.# #. #.# #.## ..# #.# #..#
... #.# #..## #.##.# #...##
...... #..#.# #.#..#
##.....#.. #...# #.##)##
......... #..######.##..#
......... #..[.##....##@##
.......#
##.#..#.(..##.r#####......##
#<##......###......!......#
#.####....# ######.........
#.. ........r...........#
###################...$....
#........ ......>..
..#####..


You could see a quokka (poisoned).

Vanquished Creatures
  A dart slug (D:1)
  2 endoplasms (D:1)
  2 hobgoblins
  2 jackals (D:1)
  A kobold (D:1)
  A bat (D:1)
9 creatures vanquished.

Notes
Turn   | Place    | Note
-------+----------+-------------------------------------------
     0 | D:1      | ChrisAssaf the Felid Venom Mage began the quest for the
                  | Orb.
     0 | D:1      | Reached XP level 1. HP: 7/7 MP: 4/4
   172 | D:1      | Reached XP level 2. HP: 11/11 MP: 4/6
   191 | D:1      | Reached skill level 3 in Poison Magic
   202 | D:1      | Learned a level 2 spell: Poisonous Vapours
   275 | D:2      | Slain by a quokka

Illustrated notes

Levels and vault maps discovered:
D:1:      ebering_trefoil_twist, layout_basic
D:2:      layout_rooms, uniq_natasha

Skill      XL: |  1  2 |
---------------+-------+-----
Poison Magic   | 3 |  3.0
Fighting       | |  0.1
Dodging        | |  2.7
Stealth        | |  2.8
Unarmed Combat | |  0.2
Spellcasting   | |  2.2
Transmutations | |  1.2

Action                     || total
---------------------------++-------
  Melee: Unarmed           ||     9
         Punch             ||     1
   Cast: Sting             ||    13
         Poisonous Vapours ||     1
   Stab: Sleeping          ||     2
 Armour: Skin              ||     1
  Dodge: Dodged            ||    20
